 Dungeon Crawl Stone Soup version 0.26-a0-658-gbdda728c12 (webtiles) character file.

Game seed: 18078359775381848305

38 Grim the Vexing (level 3, -2/20 HPs)
             Began as a Deep Elf Arcane Marksman on Oct 5, 2020.
             Slain by a worker ant (8 damage)
             ... on level 2 of the Dungeon.
             The game lasted 00:04:13 (1995 turns).

Grim the Vexing (Deep Elf Arcane Marksman)          Turns: 1995, Time: 00:04:14

Health: -2/20      AC:  2    Str:  7    XL:     3   Next: 25%
Magic:  6/7        EV: 13    Int: 18    God:
Gold:   102        SH:  0    Dex: 15    Spells: 4/5 levels left

rFire    . . .     SeeInvis .   b - +0 short sword
rCold    . . .     Faith    .   (no shield)
rNeg     . . .     Spirit   .   e - +0 robe
rPois    .         Reflect  .   (no helmet)
rElec    .         Harm     +   j - scarf {harm}
rCorr    .         Rampage  .   (no gloves)
MR       .....                  (no boots)
Stlth    +.........             (no amulet)
HPRegen  0.06/turn              (no ring)
MPRegen  0.10/turn              (no ring)

@: lethally poisoned (-2 -> -6)
A: no striking features
a: no special abilities


You were on level 2 of the Dungeon.
You visited 1 branch of the dungeon, and saw 2 of its levels.

You collected 102 gold pieces.

Inventory:

Hand Weapons
 a - a +0 shortbow
 b - a +0 short sword (weapon)
Missiles
 d - 63 arrows
Armour
 e - a +0 robe (worn)
 j - a scarf of harm (worn)
Scrolls
 c - 4 scrolls of remove curse
 i - 2 scrolls of identify
 l - a scroll of amnesia
Potions
 f - 2 potions of curing
 g - a potion of degeneration {unknown}
 h - a potion of magic {unknown}
 k - a potion of ambrosia {unknown}


   Skills:
 - Level 0.7 Fighting
 * Level 1.1 Short Blades
 + Level 4.2 Bows
 - Level 2.4 Dodging
 - Level 1.5 Spellcasting
 - Level 4.4 Hexes


You had 4 spell levels left.
You knew the following spells:

 Your Spells              Type           Power        Failure   Level
a - Corona                Hex            ###....      3%          1

Your spell library contained the following spells:

 Spells                   Type           Power        Failure   Level
 Slow                     Hex            ###.....     4%          2
 Inner Flame              Hex/Fire       #.......     22%         3
 Portal Projectile        Hex/Tloc       #.....       22%         3
 Cause Fear               Hex            ###.......   30%         4
 Leda's Liquefaction      Hex/Erth       #.........   58%         4


Dungeon Overview and Level Annotations

Branches:
Dungeon (2/15)

Altars:


Message History

The worker ant bites you.
* * * LOW HITPOINT WARNING * * *
You are poisoned.
The worker ant poisons you!
You hit the worker ant but do no damage.
The worker ant is heavily wounded.
You feel sick. The worker ant misses you.
You hit the worker ant but do no damage.
The worker ant is heavily wounded.
The worker ant stops glowing.
The worker ant misses you.
You hit the worker ant but do no damage.
The worker ant is heavily wounded.
You feel sick. The worker ant misses you.
Casting: Corona (safe; 3% risk of failure)
Confirm with . or Enter, or press ? or * to list all spells.
Aiming: Corona (safe; 3% risk of failure)
Press: ? - help, Shift-Dir - straight line, f/p - worker ant
Aim: a worker ant (heavily wounded, chance to defeat MR: 63%)
The worker ant struggles to resist.
The worker ant bites you!
You die...

....######.#.#
.........#.#.#..#
....####.....#..#
.............#..##
...########..#...#
#### #..##..#
##.##..# #.....#
#.#.)@# #....B#
#)...(# #.....#
#..##..# #......(#
#..####.# .... .(#
###.. ###


You could see a worker ant.

Vanquished Creatures
  An adder (D:2)
  A giant cockroach (D:1)
  3 goblins
  7 hobgoblins
  4 jackals (D:2)
  3 kobolds
  2 bats
  5 rats (D:1)
26 creatures vanquished.

Notes
Turn   | Place    | Note
-------+----------+-------------------------------------------
     0 | D:1      | Grim the Deep Elf Arcane Marksman began the quest for the
                  | Orb.
     0 | D:1      | Reached XP level 1. HP: 11/11 MP: 5/5
   419 | D:1      | Reached XP level 2. HP: 16/16 MP: 4/6
  1636 | D:2      | Reached XP level 3. HP: 11/20 MP: 5/7
  1767 | D:2      | Reached skill level 1 in Short Blades
  1995 | D:2      | Slain by a worker ant

Illustrated notes

Levels and vault maps discovered:
D:1:      lemuel_arrival_lava_pool, layout_loops_corners, minmay_misc_feat_cross
D:2:      minmay_roachtagon, layout_basic, lightli_temple_of_fire, uniq_sigmund

Skill      XL: |  1  2  3 |
---------------+----------+-----
Bows           | 3 4 |  4.2
Short Blades   | 1 |  1.1
Fighting       | |  0.7
Dodging        | |  2.4
Spellcasting   | |  1.5
Hexes          | |  4.4

Action                   || total
-------------------------++-------
Melee: Short sword       ||    18
 Fire: Shortbow          ||    51
 Cast: Corona            ||    25
  Use: Scroll            ||     3
       Potion            ||     1
Armor: Robe              ||     6
Dodge: Dodged            ||    31

Table legend: (Time is in decaauts)
 A = Elapsed time spent in this place.
 B = Non-inter-level travel time spent in this place.
 C = Inter-level travel time spent in this place.
 D = Time resting spent in this place.
 E = Time spent auto-exploring this place.
 F = Levels seen in this place.
 G = Mean time per level.
                   A        B        C        D        E       F      G
               +--------+--------+--------+--------+--------+-----+--------+
         Total |   1996 |   1924 |     72 |    487 |   1216 |   2 |  998.0 |
       Dungeon |   1996 |   1924 |     72 |    487 |   1216 |   2 |  998.0 |
               +--------+--------+--------+--------+--------+-----+--------+

Top non-repeatable levels by time:
     D:1: 1430 daAuts
     D:2: 565 daAuts
